Map: King of Braxis Station

Players

MrFercho

  • Race: Zerg Zerg
  • Spawn Location: 3:00

tigro

  • Race: Terran Terran
  • Spawn Location: 11:00

Yanzo

  • Race: Protoss Protoss
  • Spawn Location: 12:00

ThikiPizza

  • Race: Protoss Protoss
  • Spawn Location: 7:00

VOD

Have the link to the VOD?

Description

Time

  • Played on: Sept. 8, 2019, 8:54 p.m.
  • Length: 16:14
Show
View Real Time Build Order
Export as new Build Order

MrFercho Zerg 

Build Orders: Pool First 

Get SALT Encoding   

  12  0:03  Drone  
  13  0:12  Overlord  
  13  0:17  Drone  
  14  0:35  Spawning Pool  
  14  0:39  Drone  
  14  0:44  Extractor  
  14  0:47  Drone  
  14  0:48  Drone  
  15  0:58  Drone  
  16  1:04  Drone  
  17  1:28  Drone  
  18  1:36  Queen  
  18  1:38  Overlord  
  18  1:39  Overlord  
  20  1:48  Metabolic Boost  
  20  1:52  Zergling x2  
  21  2:18  Queen  
  23  2:32  Drone x3  
  26  2:52  Zergling x2  
  27  3:04  Overlord  
  27  3:25  Extractor  
  26  3:29  Zergling x2  
  26  3:30  Zergling x6  
  30  3:38  Lair  
  30  3:52  Drone  
  30  3:54  Drone x2  
  33  4:24  Drone x4  
  31  5:46  Hatchery  
  31  5:47  Extractor  
  29  5:50  Spire  
  29  5:55  Extractor, Drone x2  
  29  5:56  Drone  
  30  6:05  Evolution Chamber  
  30  6:07  Evolution Chamber  
  28  6:38  Zergling x2  
  28  6:39  Zergling x6  
  32  7:06  Drone  
  33  7:24  Overlord x2, Mutalisk  
  33  7:25  Mutalisk x2  
  33  7:27  Mutalisk  
  41  7:33  Queen  
  41  7:35  Drone x2  
  41  7:36  Drone  
  46  7:50  Burrow  
  46  8:05  Infestation Pit  
  45  8:17  Lair  
  45  8:25  Drone  
  45  8:26  Drone x2  
  35  9:56  Overseer  
  35  10:05  Spine Crawler  
  31  10:26  Infestor  
  31  10:28  Infestor  
  12  11:38  Hive  
  12  11:42  Drone x5  
  17  11:51  Drone x2  
  17  11:52  Drone x5  
  17  11:53  Drone x5  
  31  11:54  Drone  
  30  12:38  Drone x2  
  30  12:41  Overlord  
  32  13:14  Spawning Pool  
  31  14:13  Zergling x6  
  31  14:16  Pneumatized Carapace  
  34  14:27  Spire  
  33  14:35  Ultralisk Cavern  
  32  14:45  Zergling x6  
Show
View Real Time Build Order
Export as new Build Order

tigro Terran 

Build Orders:  

Get SALT Encoding   

  12  0:06  SCV  
  13  0:18  SCV  
  14  0:23  Supply Depot  
  14  0:30  SCV  
  15  0:39  Refinery  
  15  0:45  SCV  
  15  0:46  Refinery  
  16  0:57  SCV  
  17  1:07  Barracks  
  17  1:09  SCV  
  18  1:21  SCV  
  19  1:38  SCV  
  20  1:40  Supply Depot  
  20  1:50  SCV  
  21  2:02  SCV  
  21  2:05  Barracks, Marine  
  23  2:14  SCV  
  24  2:23  Marine  
  24  2:27  Engineering Bay  
  25  2:41  Marine  
  26  2:45  Orbital Command  
  26  2:59  Barracks Tech Lab, Marine, Missile Turret  
  26  3:04  Terran Infantry Weapons Level 1  
  27  3:17  Marine  
  28  3:28  Factory  
  28  3:35  Missile Turret  
  28  3:36  Marine  
  29  3:43  Barracks Tech Lab  
  29  3:45  Combat Shield  
  29  3:53  Marine  
  30  4:11  Marine  
  30  4:17  Factory Tech Lab, Missile Turret  
  31  4:38  Armory  
  31  4:40  Marine  
  32  4:58  Terran Infantry Armor Level 1, Marine  
  33  5:00  Marine  
  33  5:04  Stimpack, Missile Turret  
  34  5:18  Marine  
  35  5:31  Marine  
  35  5:33  Starport  
  36  5:35  Marine  
  37  5:47  Missile Turret  
  37  5:48  Marine  
  38  5:51  Infernal Pre-Igniter  
  38  5:53  Marine  
  39  6:29  Supply Depot  
  39  6:31  Marine x2  
  39  6:32  Terran Vehicle Weapons Level 1  
  41  6:40  Starport Tech Lab  
  41  6:44  Concussive Shells  
  41  6:49  Marine x2  
  41  6:52  Neosteel Armor  
  43  7:06  Missile Turret  
  43  7:07  Marine  
  44  7:10  Mag-Field Accelerator  
  44  7:11  Medivac  
  46  7:22  Fusion Core  
  46  7:55  Siege Tank  
  49  8:02  Marine  
  49  8:04  Missile Turret  
  50  8:06  Marine  
  51  8:20  Marine  
  51  8:24  Marine  
  51  8:26  Terran Vehicle And Ship Armor Level 1  
  53  8:32  Hi-Sec Auto Tracking  
  53  8:33  Medivac  
  55  8:49  Drilling Claws  
  55  9:20  Bunker  
  55  9:29  Terran Infantry Weapons Level 2  
  55  9:30  Rapid Reignition System  
  55  9:47  Marine x2  
  57  10:02  Starport  
  57  10:05  Marine x2  
  59  10:08  Smart Servos  
  59  10:23  Marine x2  
  61  10:30  Missile Turret  
  61  10:43  Terran Vehicle Weapons Level 2  
  61  11:07  Marine  
  62  11:19  Marine  
  63  11:44  Terran Infantry Armor Level 2  
  63  11:48  Marine x2  
  58  12:05  Marine  
  58  12:06  Marine  
  38  12:23  Marine  
  38  12:24  Marine  
  40  12:35  Medivac  
  42  12:40  Weapon Refit  
  42  12:41  Marine x2  
  44  12:59  Terran Vehicle And Ship Armor Level 2, Marine x2  
  46  13:05  Medivac  
  48  13:17  Marine x2  
  50  13:21  Missile Turret  
  50  13:30  Starport Tech Lab  
  50  13:33  Corvid Reactor  
  50  13:35  Marine x2  
  52  13:52  Marine  
  52  13:53  Marine  
  54  14:14  Marine  
  55  14:18  Marine  
  56  14:32  Marine  
  56  14:36  Marine  
  58  14:49  Supply Depot  
  58  14:50  Marine  
  58  14:52  Cloaking Field  
  59  14:54  Marine  
  59  14:55  Missile Turret  
  60  15:08  Marine  
  60  15:12  Marine  
  62  15:26  Marine  
  63  15:29  Marine  
  63  15:30  Thor  
  70  15:42  Bunker  
  70  15:43  Marine  
Show
View Real Time Build Order
Export as new Build Order

Yanzo Protoss 

Build Orders:  

Get SALT Encoding   

  12  0:13  Probe  
  13  0:25  Probe  
  13  0:26  Pylon  
  14  0:37  Assimilator, Probe  
  14  0:41  Assimilator  
  15  0:50  Gateway  
  15  1:02  Probe  
  16  1:14  Probe  
  16  1:16  Pylon  
  17  1:18  Pylon  
  17  1:26  Probe  
  18  1:42  Gateway  
  18  1:51  Cybernetics Core  
  18  2:00  Gateway  
  18  2:12  Gateway  
  18  2:15  Probe  
  18  2:18  Warp Gate  
  19  2:28  Probe  
  20  2:40  Probe  
  20  2:41  Forge  
  21  2:49  Shield Battery  
  21  2:53  Shield Battery  
  21  3:13  Twilight Council  
  21  3:19  Photon Cannon  
  21  3:29  Photon Cannon  
  21  3:32  Photon Cannon  
  21  3:39  Protoss Shields Level 1  
  21  3:51  Probe  
  22  4:04  Probe  
  23  4:16  Probe  
  24  4:20  Pylon  
  24  4:24  Pylon  
  24  4:28  Probe  
  25  4:40  Probe  
  25  4:41  Dark Shrine  
  26  4:49  Pylon  
  26  4:53  Pylon  
  26  5:04  Robotics Facility  
  26  5:12  Stalker x2  
  26  5:13  Stalker x2  
  26  5:39  Probe  
  27  5:51  Probe  
  28  6:02  Stargate  
  28  6:03  Probe  
  29  6:07  Observer  
  29  6:15  Probe  
  31  6:25  Shadow Stride  
  31  6:30  Stargate  
  31  7:16  Fleet Beacon  
  31  7:33  Probe  
  32  7:41  Probe  
  33  7:54  Dark Templar  
  35  8:02  Dark Templar  
  37  9:09  Stalker x3  
  41  9:10  Stalker  
  34  11:07  Mothership  
  34  11:23  Stargate  
  34  11:24  Stargate  
  42  11:47  Dark Templar  
  42  11:48  Dark Templar  
  46  12:28  Gateway  
  46  12:29  Photon Cannon  
  46  12:32  Photon Cannon  
  46  12:34  Photon Cannon  
  46  12:35  Photon Cannon  
  46  12:58  Probe  
  47  13:08  Probe  
  48  13:20  Probe  
  49  13:32  Probe  
  50  13:44  Probe  
  50  14:09  Dark Templar  
  52  14:10  Dark Templar x2  
  56  14:39  Carrier x2  
  68  14:46  Pylon  
  68  14:50  Pylon  
  68  14:53  Pylon  
  68  14:58  Pylon  
Show
View Real Time Build Order
Export as new Build Order

ThikiPizza Protoss 

Build Orders: Zealot Archon, Dark Templar Rush 

Get SALT Encoding   

  12  0:10  Assimilator  
  12  0:28  Pylon  
  12  0:32  Pylon  
  12  0:40  Pylon  
  12  0:43  Assimilator  
  12  0:59  Gateway  
  12  1:09  Probe  
  13  1:21  Probe  
  14  1:38  Probe  
  15  1:50  Gateway  
  15  1:56  Gateway  
  15  1:58  Cybernetics Core  
  15  2:36  Warp Gate  
  15  3:00  Twilight Council  
  15  3:45  Dark Shrine  
  15  4:55  Gateway  
  15  4:56  Gateway  
  15  5:03  Gateway  
  15  5:11  Dark Templar  
  15  5:13  Dark Templar  
  19  5:15  Dark Templar  
  21  5:46  Dark Templar  
  21  5:48  Dark Templar  
  25  5:50  Dark Templar  
  25  5:52  Dark Templar  
  29  6:00  Dark Templar  
  31  6:28  Dark Templar  
  33  7:03  Dark Templar  
  35  7:08  Dark Templar  
  37  7:28  Archon  
  37  7:49  Dark Templar  
  39  8:05  Pylon  
  39  8:08  Pylon  
  39  8:12  Pylon  
  39  8:26  Dark Templar  
  41  8:28  Dark Templar  
  43  8:47  Stalker  
  45  8:49  Stalker  
  45  8:51  Stalker  
  49  9:02  Stalker  
  51  9:05  Stalker  
  53  9:13  Stalker  
  55  9:25  Pylon  
  55  9:33  Stalker  
  57  9:42  Stalker  
  59  10:11  Stalker  
  59  10:12  Stalker  
  63  10:42  Stalker  
  65  10:43  Stalker  
  67  11:08  Dark Templar  
  69  11:12  Dark Templar  
  71  11:26  Archon  
  71  11:43  Pylon  
  71  11:45  Pylon  
  71  11:51  Pylon  
  71  12:29  Stalker  
  73  12:31  Stalker  
  73  12:35  Stalker  
  77  12:53  Stalker  
  79  13:06  Stalker  
  81  13:25  Dark Templar  
  83  13:57  Dark Templar  
  83  13:58  Dark Templar  
  87  14:04  Dark Templar  
  89  14:15  Dark Templar  
  91  14:41  Stalker  
  91  14:42  Stalker  
  95  15:01  Pylon  
  95  15:03  Pylon  
  95  15:13  Pylon  
  95  15:28  Stalker  
  97  15:36  Stalker  
Tags
 
Add a new tag
Caveats
  • Supply blocks, unpowered buildings, or Contaminate may cause inaccurate times.
  • Supply counts are checked every 10 seconds.